SL
BUCKHEAD BOWTIES @ SAN MATEO DIRTY REDS
05/18/2041
 
TOP OF THE 1ST
Buckhead Bowties batting - Pitching for San Mateo Dirty Reds : RHP Anastasio Cabanillas Jr.
Pitching: RHP Anastasio Cabanillas Jr.
Batting: LHB Charles Godard 0-0: Foul Ball, location: 2F
0-1: Ground out 1-3 (Groundball, 25, EV 83.1 MPH)
Batting: LHB Marcus Shill 0-0: Called Strike
0-1: Foul Ball, location: 2F
0-2: Ball
1-2: Ball
2-2: Strikes out looking
Batting: LHB Jesús Encarnación 0-0: Ball
1-0: Called Strike
1-1: Fly out, F7 (Flyball, 78D, EV 105.0 MPH)
Top of the 1st over - 0 runs, 0 hits, 0 errors, 0 left on base; Buckhead 0 - San Mateo 0
BOTTOM OF THE 1ST
San Mateo Dirty Reds batting - Pitching for Buckhead Bowties : LHP Jong-yong Ha
Pitching: LHP Jong-yong Ha
Batting: RHB Paul Tate 0-0: Ball
1-0: Ball
2-0: Ball
3-0: Called Strike
3-1: Fly out, F8 (Flyball, 89D, EV 95.6 MPH)
Batting: RHB Zahid Kashani 0-0: Fly out, F6 (Popup, 6, EV 70.0 MPH)
Batting: RHB James Hemwick 0-0: SINGLE (Groundball, 6MD, EV 83.8 MPH) (infield hit)
Batting: RHB Tae-cho Han 0-0: Ball
1-0: Called Strike
1-1: Ball
2-1: Ball
3-1: Foul Ball, location: 2F
3-2: Base on Balls
James Hemwick to second
Batting: RHB Arsenio Laurel 0-0: Called Strike
0-1: Ball
1-1: Ball
2-1: Fly out, F8 (Flyball, 8LS, EV 80.6 MPH)
Bottom of the 1st over - 0 runs, 1 hit, 0 errors, 2 left on base; Buckhead 0 - San Mateo 0
TOP OF THE 2ND
Buckhead Bowties batting - Pitching for San Mateo Dirty Reds : RHP Anastasio Cabanillas Jr.
Batting: LHB Spencer Powell 0-0: Called Strike
0-1: Ball
1-1: Called Strike
1-2: Foul Ball, location: 2F
1-2: Ground out 2-3 (Groundball, 2L, EV 68.8 MPH)
Batting: SHB Tony Manzanares 0-0: Ball
1-0: Foul Ball, location: 2F
1-1: Ball
2-1: Swinging Strike
2-2: Strikes out swinging
Batting: RHB Juan Barrón 0-0: Foul Ball, location: 2F
0-1: Fly out, F9 (Flyball, 9LS, EV 90.6 MPH)
Top of the 2nd over - 0 runs, 0 hits, 0 errors, 0 left on base; Buckhead 0 - San Mateo 0
BOTTOM OF THE 2ND
San Mateo Dirty Reds batting - Pitching for Buckhead Bowties : LHP Jong-yong Ha
Batting: RHB Yaakov Shmerkin 0-0: Foul Ball, location: 2F
0-1: Ball
1-1: Ball
2-1: Ball
3-1: Foul Ball, location: 2F
3-2: Fly out, F8 (Flyball, 8RM, EV 87.5 MPH)
Batting: RHB Silvian Burger 0-0: Ball
1-0: Ground out 6-3 (Groundball, 6, EV 81.2 MPH)
Batting: RHB Jesús Gómez 0-0: Fly out, F9 (Flyball, 9LD, EV 83.1 MPH)
Bottom of the 2nd over - 0 runs, 0 hits, 0 errors, 0 left on base; Buckhead 0 - San Mateo 0
TOP OF THE 3RD
Buckhead Bowties batting - Pitching for San Mateo Dirty Reds : RHP Anastasio Cabanillas Jr.
Batting: RHB Hugh Mungus 0-0: Ball
1-0: Ball
2-0: Foul Ball, location: 2F
2-1: Foul Ball, location: 2F
2-2: Strikes out swinging
Batting: SHB Silvio Capitanio 0-0: Foul Ball, location: 2F
0-1: Ball
1-1: Ground out 4-3 (Groundball, 4, EV 98.8 MPH)
Batting: RHB César Guerra 0-0: Called Strike
0-1: Ball
1-1: Ground out 6-3 (Groundball, 6, EV 95.0 MPH)
Top of the 3rd over - 0 runs, 0 hits, 0 errors, 0 left on base; Buckhead 0 - San Mateo 0
BOTTOM OF THE 3RD
San Mateo Dirty Reds batting - Pitching for Buckhead Bowties : LHP Jong-yong Ha
Batting: RHB Jimmy Scott 0-0: Ball
1-0: Ball
2-0: Ball
3-0: Called Strike
3-1: Ground out 5-3 (Groundball, 56S, EV 83.1 MPH)
Batting: RHB Paul Tate 0-0: Ball
1-0: Reached on error, E4 (Line Drive, 4, EV 73.8 MPH)
Batting: RHB Zahid Kashani 0-0: Ball
1-0: Ball
2-0: Called Strike
2-1: Swinging Strike
2-2: Foul Ball, location: 2F
2-2: Ball
3-2: Strikes out swinging
Batting: RHB James Hemwick 0-0: Ball
1-0: Swinging Strike
1-1: Ball
2-1: SINGLE (Groundball, 4MD, EV 96.2 MPH)
Paul Tate to second
Batting: RHB Tae-cho Han 0-0: Called Strike
0-1: Foul Ball, location: 2F
0-2: Fly out, F9 (Flyball, 9LD, EV 106.9 MPH)
Bottom of the 3rd over - 0 runs, 1 hit, 1 error, 2 left on base; Buckhead 0 - San Mateo 0
TOP OF THE 4TH
Buckhead Bowties batting - Pitching for San Mateo Dirty Reds : RHP Anastasio Cabanillas Jr.
Batting: LHB Charles Godard 0-0: Called Strike
0-1: Ball
1-1: Swinging Strike
1-2: Ball
2-2: Ball
3-2: SINGLE (Line Drive, 89M, EV 91.9 MPH)
Batting: LHB Marcus Shill 0-0: Called Strike
0-1: Ball
1-1: Fielders Choice at 2nd, 4-6 (Groundball, 4, EV 101.9 MPH)
Batting: LHB Jesús Encarnación 0-0: Ball
1-0: Fly out, F9 (Flyball, 8RS, EV 96.2 MPH)
Batting: LHB Spencer Powell 0-0: 2-RUN HOME RUN (Flyball, 9D, EV 100.0 MPH), Distance : 338 ft
Batting: SHB Tony Manzanares 0-0: DOUBLE (Line Drive, 78D, EV 106.9 MPH)
Batting: RHB Juan Barrón 0-0: Called Strike
0-1: Ground out 1-3 (Groundball, 25, EV 90.6 MPH)
Top of the 4th over - 2 runs, 3 hits, 0 errors, 1 left on base; Buckhead 2 - San Mateo 0
BOTTOM OF THE 4TH
San Mateo Dirty Reds batting - Pitching for Buckhead Bowties : LHP Jong-yong Ha
Batting: RHB Arsenio Laurel 0-0: Ball
1-0: Ground out 5-3 (Groundball, 5L, EV 85.0 MPH)
Batting: RHB Yaakov Shmerkin 0-0: Ball
1-0: Ground out 1-3 (Groundball, P, EV 73.8 MPH)
Batting: RHB Silvian Burger 0-0: Called Strike
0-1: Ball
1-1: Ball
2-1: Ground out 3-1 (Groundball, 34, EV 88.8 MPH)
Bottom of the 4th over - 0 runs, 0 hits, 0 errors, 0 left on base; Buckhead 2 - San Mateo 0
TOP OF THE 5TH
Buckhead Bowties batting - Pitching for San Mateo Dirty Reds : RHP Anastasio Cabanillas Jr.
Batting: RHB Hugh Mungus 0-0: Called Strike
0-1: Ball
1-1: Ball
2-1: Called Strike
2-2: Foul Ball, location: 2F
2-2: Foul Ball, location: 2F
2-2: SINGLE (Groundball, 6, EV 95.0 MPH) (infield hit)
Batting: SHB Silvio Capitanio 0-0: Ball
1-0: Ball
2-0: SINGLE (Groundball, 4D, EV 94.4 MPH)
Hugh Mungus to second
Runner from 2nd tries for 3rd, SAFE, throw by RF made to third
Batting: RHB César Guerra 0-0: Ball
1-0: Called Strike
1-1: Called Strike
1-2: Ball
2-2: Fly out, F4 (Flyball, 34D, EV 89.4 MPH)
Batting: LHB Charles Godard 0-0: SINGLE (Line Drive, 78M, EV 106.9 MPH)
Hugh Mungus scores
Silvio Capitanio to second
Batting: LHB Marcus Shill 0-0: Fly out, F8 (Flyball, 78M, EV 93.1 MPH)
Batting: LHB Jesús Encarnación 0-0: Fly out, F5 (Popup, 5SF, EV 86.2 MPH)
Top of the 5th over - 1 run, 3 hits, 0 errors, 2 left on base; Buckhead 3 - San Mateo 0
BOTTOM OF THE 5TH
San Mateo Dirty Reds batting - Pitching for Buckhead Bowties : LHP Jong-yong Ha
Batting: RHB Jesús Gómez 0-0: Ball
1-0: Ground out U3 (Groundball, 34S, EV 78.8 MPH)
Batting: RHB Jimmy Scott 0-0: Swinging Strike
0-1: Foul Ball, location: 2F
0-2: Ball
1-2: Ground out 6-3 (Groundball, 6, EV 79.4 MPH)
Batting: RHB Paul Tate 0-0: Called Strike
0-1: SINGLE (Groundball, 56S, EV 65.0 MPH) (infield hit)
Batting: RHB Zahid Kashani 0-0: Ball
1-0: Ball
2-0: Ball
3-0: Called Strike
3-1: Called Strike
3-2: Strikes out swinging
Bottom of the 5th over - 0 runs, 1 hit, 0 errors, 1 left on base; Buckhead 3 - San Mateo 0
TOP OF THE 6TH
Buckhead Bowties batting - Pitching for San Mateo Dirty Reds : RHP Anastasio Cabanillas Jr.
Batting: LHB Spencer Powell 0-0: Ball
1-0: Swinging Strike
1-1: Foul Ball, location: 2F
1-2: Ball
2-2: Foul Ball, location: 2F
2-2: Foul Ball, location: 2F
2-2: Fly out, F9 (Flyball, 89D, EV 106.2 MPH)
Batting: SHB Tony Manzanares 0-0: Called Strike
0-1: DOUBLE (Line Drive, 9LM, EV 95.0 MPH)
Batting: RHB Juan Barrón 0-0: Ground out 6-3 (Groundball, 56, EV 105.0 MPH)
Batting: RHB Hugh Mungus 0-0: Ball
1-0: Foul Ball, location: 2F
1-1: Swinging Strike
1-2: Ball
2-2: Ground out 5-3 (Groundball, 56, EV 83.1 MPH)
Top of the 6th over - 0 runs, 1 hit, 0 errors, 1 left on base; Buckhead 3 - San Mateo 0
BOTTOM OF THE 6TH
San Mateo Dirty Reds batting - Pitching for Buckhead Bowties : LHP Jong-yong Ha
Batting: RHB James Hemwick 0-0: Foul Ball, location: 2F
0-1: Ground out 1-3 (Groundball, P, EV 91.9 MPH)
Batting: RHB Tae-cho Han 0-0: DOUBLE (Line Drive, 89XD, EV 101.2 MPH)
Batting: RHB Arsenio Laurel 0-0: Called Strike
0-1: Called Strike
0-2: Ball
1-2: Ball
2-2: Strikes out swinging
Batting: RHB Yaakov Shmerkin 0-0: Foul Ball, location: 2F
0-1: Ground out 5-3 (Groundball, 56S, EV 84.4 MPH)
Bottom of the 6th over - 0 runs, 1 hit, 0 errors, 1 left on base; Buckhead 3 - San Mateo 0
TOP OF THE 7TH
Buckhead Bowties batting - Pitching for San Mateo Dirty Reds : RHP Anastasio Cabanillas Jr.
Batting: SHB Silvio Capitanio 0-0: Ball
1-0: Foul Ball, location: 2F
1-1: Fly out, F3 (Line Drive, 3, EV 70.0 MPH)
Batting: RHB César Guerra 0-0: Ball
1-0: Foul Ball, location: 2F
1-1: Ball
2-1: Foul Ball, location: 2F
2-2: Foul Ball, location: 2F
2-2: Ground out 4-3 (Groundball, 4, EV 91.9 MPH)
Batting: LHB Charles Godard 0-0: Called Strike
0-1: Foul Ball, location: 2F
0-2: Foul Ball, location: 2F
0-2: Ball
1-2: Ball
2-2: Ground out U3 (Groundball, 3, EV 105.0 MPH)
Top of the 7th over - 0 runs, 0 hits, 0 errors, 0 left on base; Buckhead 3 - San Mateo 0
BOTTOM OF THE 7TH
San Mateo Dirty Reds batting - Pitching for Buckhead Bowties : LHP Jong-yong Ha
Batting: RHB Silvian Burger 0-0: Called Strike
0-1: Ball
1-1: Ball
2-1: Foul Ball, location: 2F
2-2: Fly out, F7 (Line Drive, 7, EV 90.6 MPH)
Batting: RHB Jesús Gómez 0-0: Foul Ball, location: 2F
0-1: Ball
1-1: Foul Ball, location: 2F
1-2: Foul Ball, location: 2F
1-2: Ball
2-2: Foul Ball, location: 2F
2-2: Foul Ball, location: 2F
2-2: Ball
3-2: SINGLE (Groundball, 56D, EV 98.8 MPH)
Pitching: RHP Omar Morales
Batting: RHB Jimmy Scott 0-0: Called Strike
0-1: Ball
1-1: Swinging Strike
1-2: Foul Ball, location: 2F
1-2: Ground out 5-3 (Groundball, 56S, EV 60.6 MPH)
Jesús Gómez to second
Batting: RHB Paul Tate 0-0: Ball
1-0: Ball
2-0: Fly out, F8 (Flyball, 8RM, EV 82.5 MPH)
Bottom of the 7th over - 0 runs, 1 hit, 0 errors, 1 left on base; Buckhead 3 - San Mateo 0
TOP OF THE 8TH
Buckhead Bowties batting - Pitching for San Mateo Dirty Reds : RHP Anastasio Cabanillas Jr.
Pitching: LHP Urs Ehles
Batting: LHB Marcus Shill 0-0: Called Strike
0-1: Ball
1-1: Foul Ball, location: 2F
1-2: Strikes out swinging
Batting: LHB Jesús Encarnación 0-0: Foul Ball, location: 2F
0-1: Ground out 4-3 (Groundball, 4, EV 81.9 MPH)
Batting: LHB Spencer Powell 0-0: Called Strike
0-1: Called Strike
0-2: SINGLE (Line Drive, 8LS, EV 111.9 MPH)
Batting: SHB Tony Manzanares 0-0: Swinging Strike
0-1: Ball
1-1: Ball
2-1: Foul Ball, location: 2F
2-2: Ball
3-2: Strikes out swinging
Top of the 8th over - 0 runs, 1 hit, 0 errors, 1 left on base; Buckhead 3 - San Mateo 0
BOTTOM OF THE 8TH
San Mateo Dirty Reds batting - Pitching for Buckhead Bowties : RHP Omar Morales
Batting: RHB Zahid Kashani 0-0: Ball
1-0: Ball
2-0: SINGLE (Groundball, 56, EV 88.8 MPH) (infield hit)
Batting: RHB James Hemwick 0-0: Called Strike
0-1: Called Strike
0-2: Ball
1-2: Grounds into double play, 4-6-3 (Groundball, 4, EV 98.1 MPH)
Batting: RHB Tae-cho Han 0-0: Ball
1-0: Called Strike
1-1: Ball
2-1: Ball
3-1: Called Strike
3-2: Foul Ball, location: 2F
3-2: Base on Balls
Batting: RHB Arsenio Laurel 0-0: Ball
1-0: Ball
2-0: Ball
Wild Pitch!
Tae-cho Han to second
3-0: Called Strike
3-1: SINGLE (Groundball, 6MD, EV 100.0 MPH)
Tae-cho Han to third
Runner from 3rd tries for Home, SAFE, no throw by CF
Pitching: RHP Anthony Hurst
Batting: RHB Yaakov Shmerkin 0-0: Ground out 5-3 (Groundball, 56S, EV 69.4 MPH)
Bottom of the 8th over - 1 run, 2 hits, 0 errors, 1 left on base; Buckhead 3 - San Mateo 1
TOP OF THE 9TH
Buckhead Bowties batting - Pitching for San Mateo Dirty Reds : LHP Urs Ehles
Batting: RHB Juan Barrón 0-0: Ball
1-0: Foul Ball, location: 2F
1-1: Ground out 5-3 (Groundball, 5, EV 103.1 MPH)
Batting: RHB Hugh Mungus 0-0: Called Strike
0-1: Foul Ball, location: 2F
0-2: Foul Ball, location: 2F
0-2: Ball
1-2: Foul Ball, location: 2F
1-2: Ball
2-2: Ground out 2-3 (Groundball, 15S, EV 66.9 MPH)
Batting: SHB Silvio Capitanio 0-0: Ground out 5-3 (Groundball, 56, EV 100.0 MPH)
Top of the 9th over - 0 runs, 0 hits, 0 errors, 0 left on base; Buckhead 3 - San Mateo 1
BOTTOM OF THE 9TH
San Mateo Dirty Reds batting - Pitching for Buckhead Bowties : RHP Anthony Hurst
Pitching: RHP Roderick Miller
Batting: RHB Silvian Burger 0-0: Called Strike
0-1: Ball
1-1: Ball
2-1: Swinging Strike
2-2: Ball
3-2: Fly out, F8 (Flyball, 8RS, EV 91.9 MPH)
Batting: RHB Jesús Gómez 0-0: Ball
1-0: Ball
2-0: Ball
3-0: Called Strike
3-1: Base on Balls
Pinch Hitting: LHB Palaie Gaoteote 0-0: Called Strike
0-1: Ball
1-1: Ball
2-1: Fly out, F7 (Flyball, 7LSF, EV 96.2 MPH)
Pinch Hitting: LHB Tom Burton 0-0: Ball
1-0: Called Strike
1-1: Ball
2-1: Fly out, F8 (Flyball, 8RS, EV 85.6 MPH)
Bottom of the 9th over - 0 runs, 0 hits, 0 errors, 1 left on base; Buckhead 3 - San Mateo 1
Tuesday, January 5th, 2021 - OOTP Baseball 20.8 Build 74